AoeStats
← Zumoshi

Arabia

507235736Analyzed
1v1 RM · 16d ago on Sep 17, 2026· 29m 23s· 2 players
Game mode
Random Map
Map size
Tiny (2 player)
Population
200
Speed
Normal
Resources
Standard
Victory
Conquest
Starting age
Dark Age
Ending age
Imperial Age
RankedLock teamsTeams togetherTeam positionsShared explorationLock speedFull tech treeHidden civsTurbo modeCheats
Victory
Defeat
🇮🇱 Khitans · Israel
1072
+14
🇩🇪 Chinese · Germany
1035
-14
magelito
0:34 Loom
10:58 Feudal Age
13:35 Double-Bit Axe
15:47 Fletching
16:19 Horse Collar
24:23 Castle Age
24:31 Bloodlines
24:38 Crossbowman
26:25 Bow Saw
26:31 Forging
Zumoshi
8:05 Loom
10:14 Feudal Age
11:34 Double-Bit Axe
11:49 Man-at-Arms
16:16 Fletching
16:22 Domestication
17:23 Padded Archer Armor
23:20 Castle Age
21:32 Gold Mining
22:24 Forging
22:20 Scale Barding Armor
24:18 Bow Saw
24:48 Iron Casting
24:48 Elite Skirmisher
27:20 Chain Barding Armor
27:23 Husbandry
28:08 Bodkin Arrow
Connection lost

Rejoining the realm…

Still unreachable

The connection could not be restored.

Session expired

The server has moved on; the page needs a fresh start.